 Dungeon Crawl Stone Soup version 0.30.1-3-gfc49f6343a (webtiles) character file.

Game seed: 15455144099637329201

576 croobank the Covert (level 7, 0/48 HPs)
             Began as an Octopode Delver on July 28, 2023.
             Was a Believer of Lugonu.
             Slain by an ice beast (12 damage)
             ... on level 5 of the Dungeon.
             The game lasted 00:12:36 (3536 turns).

croobank the Covert (Octopode Delver)               Turns: 3536, Time: 00:12:37

Health: 0/48       AC:  1    Str: 11    XL:     7   Next: 35%
Magic:  10/10      EV: 14    Int: 15    God:    Lugonu [**....]
Gold:   83         SH:  0    Dex: 13    Spells: 8/10 levels left

rFire   . . .        c - +7 dagger
rCold   . . .        (no shield)
rNeg    . . .        (helmet restricted)
rPois   .            (no amulet)
rElec   .            (no ring)
rCorr   .            (no ring)
SInv    .            (no ring)
Will    .....        (no ring)
Stlth   +++++        (no ring)
HPRegen 0.28/turn    (no ring)
MPRegen 0.12/turn    (no ring)
                     (no ring)

%: no passive effects
@: no status effects
A: almost no armour, amphibious, 8 rings, camouflage 1, gelatinous body 1,
(nimble swimmer 1), tentacles
a: Renounce Religion, Depart the Abyss, Banish


You were on level 5 of the Dungeon.
You worshipped Lugonu.
Lugonu was pleased with you.
You visited 1 branch of the dungeon, and saw 6 of its levels.

You collected 139 gold pieces.
You spent 56 gold pieces at shops.

Inventory:

Hand Weapons
 a - a +0 short sword
 c - a +7 dagger (weapon)
 l - a +0 dagger of electrocution
 m - a +0 war axe
Missiles
 h - 3 atropa-tipped darts (quivered)
Magical Staves
 j - a staff of earth
Wands
 f - a wand of digging (3)
 o - a wand of roots (4)
Scrolls
 b - 2 scrolls of fog
 d - a scroll of poison
 n - 2 scrolls of teleportation
 q - a scroll of magic mapping
Potions
 e - 3 potions of curing
 g - 4 potions of magic
 i - a potion of might
 k - a potion of brilliance
 p - a potion of resistance {unknown}
 u - a potion of mutation {unknown}
 v - a potion of flight {unknown}


   Skills:
 + Level 4.3 Fighting
 + Level 3.6 Short Blades
 + Level 3.6 Dodging
 + Level 8.0 Stealth
 * Level 2.1 Spellcasting
 * Level 3.0 Poison Magic
 + Level 1.6 Invocations


You had 8 spell levels left.
You knew the following spells:

 Your Spells              Type           Power      Damage    Failure   Level
a - Poisonous Vapours     Pois/Air       12%        N/A       19%         2

Your spell library contained the following spells:

 Spells                   Type           Power      Damage    Failure   Level
 Sting                    Tmut/Pois      24%        1d4       12%         1
 Slow                     Hex            4%         N/A       22%         1
 Olgreb's Toxic Radiance  Pois           10%        N/A       52%         4
 Confusing Touch          Hex            1%         N/A       54%         3
 Vampiric Draining        Necr           1%         2d6       54%         3


Dungeon Overview and Level Annotations

Branches:
Dungeon (6/15)
 Temple: D:4-7

Altars:
Ru
Yredelemnul
Lugonu

Shops:
D:1 ?

Annotations:
D:4 1 runed translucent door, BaconRulez's ghost, amateur MiBe


Innate Abilities, Weirdness & Mutations

You cannot wear most types of armour.
You are amphibious.
You can wear up to eight rings at the same time.
Your skin changes colour to match your surroundings (Stealth+).
Your rubbery body absorbs attacks. (AC +1, EV +1)
((You are camouflaged when in or above water. (Stealth+)))
You have tentacles for arms and can constrict up to eight enemies at once.


Message History

You hit the hound.
You kill the hound!
Lugonu accepts your kill.
Your Poison Magic skill increases to level 3!
You see here a hound corpse.
You start resting.
HP restored.
An ice beast comes into view.
Found 8 stones.
The orc shouts!
The orc barely misses you.
You hit the orc. Your grab misses the orc.
You squeeze the orc, but do no damage.
The orc is severely wounded.
The orc closely misses you. The ice beast misses you.
The orc hits you with a +0 flail.
You hit the orc but do no damage. Your grab misses the orc.
The orc is severely wounded.
The orc closely misses you. The ice beast hits you. The ice beast freezes you!
You hit the orc.
You kill the orc!
Lugonu accepts your kill. The ice beast hits you. The ice beast freezes you!
You hit the ice beast.
The ice beast is lightly wounded.
The ice beast closely misses you.
You hit the ice beast.
The ice beast is moderately wounded.
The ice beast hits you. The ice beast freezes you!
You hit the ice beast but do no damage.
The ice beast is moderately wounded.
The ice beast barely misses you.
You barely miss the ice beast.
The ice beast is moderately wounded.
You hit the ice beast.
The ice beast is moderately wounded.
The ice beast hits you.
* * * LOW HITPOINT WARNING * * *
The ice beast freezes you!
You die...

.#..# *....,**,*
#*#.###.#(#,*#.*
###.....#.#.*#.#######
..#.......#.##.#.....##
.......##.#..#........##
..#.....#.##.........(.#
...<......#*#..........#
##.....##.###..........#
.##.#.###...)...@).....#
.##.......####...Y.....#
.........## ##.......##
.#.......#####.........#
..#..###.##.......!....#
#....###....#..........#
.........###...........#
###......##............#
*#.......##...........##


You could see an ice beast.

Vanquished Creatures
  An ice beast (D:5)
  An ogre (D:3)
  A centaur (D:5)
  3 hounds
  A sleepcap (D:5)
  An orc wizard (D:4)
  Robin (D:3)
  4 gnolls
  4 adders
  A shadow imp (D:5)
  3 worms
  7 orcs
  4 bats
  6 endoplasms
  2 giant cockroaches
  15 goblins
  5 hobgoblins
  2 quokkas
  7 ball pythons
  4 frilled lizards
  7 kobolds
  5 rats (D:1)
85 creatures vanquished.

Notes
Turn   | Place    | Note
-------+----------+-------------------------------------------
     0 | D:5      | croobank the Octopode Delver began the quest for the Orb.
     0 | D:5      | Reached XP level 1. HP: 16/16 MP: 1/1
    33 | D:6      | Noticed a gnoll sergeant
   232 | D:5      | Noticed an orc wizard
   238 | D:5      | Noticed a centaur
   241 | D:5      | Killed a centaur
   242 | D:5      | Reached skill level 7 in Stealth
   242 | D:5      | Reached XP level 2. HP: 21/21 MP: 2/2
   242 | D:5      | Reached XP level 3. HP: 26/26 MP: 3/3
   242 | D:5      | Reached XP level 4. HP: 32/32 MP: 4/4
   307 | D:5      | Noticed an ice beast
   500 | D:3      | Noticed Robin
   552 | D:3      | Killed Robin
   865 | D:3      | Reached XP level 5. HP: 37/37 MP: 5/5
  1192 | D:1      | Found a faded altar of an unknown god.
  1200 | D:1      | Prayed at the altar of an unknown god.
  1200 | D:1      | Became a worshipper of Lugonu the Unformed
  1200 | D:1      | Reached * piety under Lugonu
  1304 | D:1      | Found Teokhol's Magic Scroll Boutique.
  1313 | D:1      | Bought a scroll of identify for 28 gold pieces
  1313 | D:1      | Bought a scroll of identify for 28 gold pieces
  2086 | D:3      | Noticed an ogre
  2097 | D:3      | Killed an ogre
  2098 | D:3      | Reached skill level 1 in Spellcasting
  2098 | D:3      | Reached skill level 1 in Poison Magic
  2098 | D:3      | Reached XP level 6. HP: 43/43 MP: 5/7
  2320 | D:3      | Learned a level 2 spell: Poisonous Vapours
  2336 | D:4      | Reached ** piety under Lugonu
  2337 | D:4      | Reached skill level 1 in Invocations
  2895 | D:4      | Found a sacrificial altar of Ru.
  2984 | D:4      | Found a runed translucent door.
  2984 | D:4      | Noticed BaconRulez's ghost (amateur MiBe)
  3029 | D:4      | Found a basalt altar of Yredelemnul.
  3383 | D:5      | Reached XP level 7. HP: 26/48 MP: 9/9
  3385 | D:5      | Reached skill level 8 in Stealth
  3536 | D:5      | Slain by an ice beast

Illustrated notes

Levels and vault maps discovered:
D:1:      dpeg_arrival_more_subterranean_lakeside_camping, layout_rooms,
          serial_shops, shop, ebering_ecumenical_altar_mist, minmay_tall_x
D:2:      layout_loops_cross, serial_glass, glass_columns_b, glass_columns_c,
          glass_columns_a, glass_columns_c, glass_columns_b, glass_columns_a
D:3:      wander_river, layout_basic, uniq_robin
D:4:      layout_gridville, mainiacjoe_overflow_paths,
          nicolae_ru_the_path_less_chosen, gammafunk_ghost_grave,
          serial_bayou_lake_a
D:5:      layout_rooms, grunt_temple_overflow_open
D:6:      layout_basic, kennysheep_nub, nicolae_nh_oracle_at_delphi,
          uniq_menkaure

Skill      XL: |  1  2  3  4  5  6  7 |
---------------+----------------------+-----
Stealth        | 7 8 |  8.0
Dodging        | 3 |  3.6
Short Blades   | 3 |  3.6
Fighting       | 4 |  4.3
Spellcasting   | 1 2 |  2.1
Poison Magic   | 1 2 3 |  3.0
Invocations    | 1 |  1.6

Action                     |  1- 3 |  4- 6 |  7- 9 || total
---------------------------+-------+-------+-------++-------
  Melee: Short sword       |     1 |     8 |       ||     9
         Tentacles         |     1 |    25 |     2 ||    28
         Dagger            |       |   152 |    16 ||   168
         Constrict         |       |    37 |     1 ||    38
         Punch             |       |     1 |       ||     1
  Throw: Dart              |       |     3 |       ||     3
  Evoke: Wand              |       |     2 |       ||     2
    Use: Scroll            |       |    19 |       ||    19
         Potion            |       |     5 |       ||     5
   Stab: Sleeping          |     1 |    16 |       ||    17
 Armour: Skin              |       |     4 |     1 ||     5
  Dodge: Dodged            |       |    85 |     9 ||    94
